 Dungeon Crawl Stone Soup version 0.26-a0-1132-ge9770dfcb6 (webtiles) character file.

Game seed: 2515070209407487968

197 quinnr the Twirler (level 5, 0/38 HPs)
             Began as a Demonspawn Gladiator on Dec 13, 2020.
             Slain by an orc priest
             ... wielding a +0 trident
              (5 damage)
             ... on level 5 of the Dungeon on Dec 19, 2020.
             The game lasted 00:14:43 (4075 turns).

quinnr the Twirler (Demonspawn Gladiator)           Turns: 4075, Time: 00:14:45

Health: 0/38       AC:  9    Str: 15    XL:     5   Next: 46%
Magic:  0/5        EV:  8    Int:  9    God:
Gold:   226        SH:  0    Dex: 27    Spells: 4/4 levels left

rFire    . . .     SeeInvis .   a - +0 quarterstaff
rCold    . . .     Faith    .   (shield currently unavailable)
rNeg     . . .     Spirit   +   s - +0 chain mail
rPois    .         Reflect  .   (helmet restricted)
rElec    .         Harm     .   m - +0 cloak
rCorr    .         Rampage  .   (no gloves)
Will     .....                  (no boots)
Stlth    ..........             (no amulet)
HPRegen  0.12/turn              k - +6 ring of dexterity
MPRegen  0.09/turn              n - +6 ring of dexterity

@: no status effects
A: horns 1, magic shield
a: no special abilities


You were on level 5 of the Dungeon.
You visited 1 branch of the dungeon, and saw 5 of its levels.

You collected 226 gold pieces.

Inventory:

Hand Weapons
 a - a +0 quarterstaff (weapon)
Missiles
 d - 3 throwing nets
 g - 140 stones (quivered)
Armour
 m - a +0 cloak (worn)
 s - a +0 chain mail (worn)
Jewellery
 k - a +6 ring of dexterity (left hand)
 n - a +6 ring of dexterity (right hand)
Scrolls
 e - a scroll of identify
 p - a scroll of fear
Potions
 f - 2 potions of heal wounds
 h - a potion of berserk rage
 i - a potion of might
 j - 2 potions of attraction
 l - 2 potions of degeneration {unknown}
 o - 3 potions of curing
 q - a potion of brilliance


   Skills:
 - Level 2.2 Fighting
 * Level 4.9 Staves
 - Level 2.0 Throwing
 - Level 2.0 Armour
 - Level 2.8 Dodging


You had 4 spell levels left.
You didn't know any spells.
Your spell library was empty.

Dungeon Overview and Level Annotations

Branches:
Dungeon (5/15)
 Temple: D:4-7

Altars:
Elyvilon
Fedhas
Hepliaklqana
Ru
Vehumet


Innate Abilities, Weirdness & Mutations

You have a pair of small horns on your head.
When hurt, damage is shared between your health and your magic reserves.


Message History

* * * LOW HITPOINT WARNING * * *
Things that are here:
a +0 dagger; an orc corpse You hit the orc priest.
You headbutt the orc priest, but do no damage.
The orc priest is lightly wounded.
You hit the orc priest.
The orc priest is heavily wounded.
The orc priest hits you from afar with a +1 trident of flaming.
* * * LOW HITPOINT WARNING * * *
The orc priest burns you.
The orc priest hits you but does no damage.
You hit the orc priest. Your headbutt misses the orc priest.
The orc priest is severely wounded.
The orc priest hits you from afar with a +1 trident of flaming.
* * * LOW HITPOINT WARNING * * *
The orc priest burns you.
* * * LOW HITPOINT WARNING * * *
The orc priest hits you with a +0 trident.
You die...

... ..## ....
..###############
.o#............<#
#o#.#############
#o#.# #@#.# #†#.#
##.#.# #....#
#..### #..# #..#
#..# #...


You could see 2 orc priests and an orc.

Vanquished Creatures
  Natasha (twice) (D:3)
  A worker ant (D:5)
  3 adders
  A worm (D:3)
  An adder skeleton (D:4)
  A dart slug (D:4)
  5 leopard geckos
  8 orcs
  5 bats
  2 giant cockroaches (D:1)
  4 goblins
  6 hobgoblins
  13 jackals
  3 kobolds (D:1)
  2 quokkas (D:4)
  5 frilled lizards
  11 rats
73 creatures vanquished.

Vanquished Creatures (others)
  A bat (D:2)
  2 plants (D:5)
3 creatures vanquished.

Grand Total: 76 creatures vanquished

Notes
Turn   | Place    | Note
-------+----------+-------------------------------------------
     0 | D:1      | quinnr the Demonspawn Gladiator began the quest for the
                  | Orb.
     0 | D:1      | Reached XP level 1. HP: 16/16 MP: 1/1
   315 | D:1      | Gained mutation: When hurt, damage is shared between your
                  | health and your magic reserves. [demonic ancestry]
   315 | D:1      | Reached XP level 2. HP: 15/22 MP: 2/2
   658 | D:1      | Reached skill level 3 in Staves
  1243 | D:1      | Gained mutation: You have a pair of small horns on your
                  | head. [demonic ancestry]
  1243 | D:1      | Reached XP level 3. HP: 15/27 MP: 3/3
  1446 | D:2      | Reached skill level 1 in Armour
  1574 | D:2      | Found a white marble altar of Elyvilon.
  1693 | D:2      | Upgraded the game from 0.26-a0-1060-g086102a3f0 to
                  | 0.26-a0-1132-ge9770dfcb6
  1694 | D:2      | Found a blossoming altar of Fedhas.
  1946 | D:3      | Reached XP level 4. HP: 22/33 MP: 2/4
  2086 | D:3      | Found a radiant altar of Vehumet.
  2411 | D:3      | Reached skill level 4 in Staves
  2465 | D:3      | Noticed Natasha
  2474 | D:3      | Killed Natasha
  2906 | D:3      | Noticed Natasha
  2916 | D:3      | Killed Natasha
  2917 | D:3      | Reached XP level 5. HP: 27/38 MP: 2/5
  3246 | D:4      | Found a sacrificial altar of Ru.
  3433 | D:4      | quinnr: ??dex
  3433 | D:4      | beem: dex[1/1]: Increases {accuracy} slightly, chance of
                  | stabbing distracted mons and stealth as well. Plays a
                  | significant role in EV if you have {dodging} skill. Boosts
                  | ability to shield-block, especially for bucklers, less for
                  | large shields.
  3636 | D:4      | Found a hazy altar of Hepliaklqana.
  4039 | D:5      | Entered Level 5 of the Dungeon
  4075 | D:5      | Slain by an orc priest

Illustrated notes

Levels and vault maps discovered:
D:1:      matt_arrival_los_fun, layout_loops_ring, minmay_misc_feat_rugged
D:2:      layout_rooms, elyvilon_altar_4, fedhas_altar_2
D:3:      layout_loops_ring, lemuel_doored_altar, uniq_natasha
D:4:      layout_cave_pods, nicolae_overflow_hidden_temple,
          nicolae_ru_sacrificial_ziggurat
D:5:      layout_basic, minmay_temple_entry_steel_oval, kennysheep_boxes,
          uniq_duvessa

Skill      XL: |  1  2  3  4 |
---------------+-------------+-----
Throwing       | 2 |  2.0
Staves         | 3 4 |  4.9
Armour         | 1 2 |  2.0
Fighting       | |  2.2
Dodging        | |  2.8

Action                   |  1- 3 |  4- 6 || total
-------------------------+-------+-------++-------
Melee: Quarterstaff      |   104 |    97 ||   201
       Headbutt          |     5 |    17 ||    22
Throw: Stone             |    16 |    16 ||    32
  Use: Scroll            |       |    10 ||    10
       Potion            |       |     2 ||     2
Armor: Leather armour    |    35 |    11 ||    46
       Chain mail        |       |     7 ||     7
       Scale mail        |       |     4 ||     4
Dodge: Dodged            |    99 |    45 ||   144

Table legend: (Time is in decaauts)
 A = Elapsed time spent in this place.
 B = Non-inter-level travel time spent in this place.
 C = Inter-level travel time spent in this place.
 D = Time resting spent in this place.
 E = Time spent auto-exploring this place.
 F = Levels seen in this place.
 G = Mean time per level.
                   A        B        C        D        E       F      G
               +--------+--------+--------+--------+--------+-----+--------+
         Total |   4103 |   3922 |    181 |    262 |   2946 |   5 |  820.6 |
       Dungeon |   4103 |   3922 |    181 |    262 |   2946 |   5 |  820.6 |
               +--------+--------+--------+--------+--------+-----+--------+

Top non-repeatable levels by time:
     D:1: 1375 daAuts
     D:3: 1298 daAuts
     D:4: 794 daAuts
     D:2: 598 daAuts
     D:5: 36 daAuts
